 Dungeon Crawl Stone Soup version 0.23-a0-241-g3b46b07 (webtiles) character file.

336 Amnesiac the Sneak (level 6, -9/28 HPs)
             Began as a Spriggan Enchanter on Sept 27, 2018.
             Shot with an arrow by a centaur (11 damage)
             ... on level 4 of the Dungeon.
             The game lasted 00:06:35 (1723 turns).

Amnesiac the Sneak (Spriggan Enchanter)             Turns: 1723, Time: 00:06:36

Health: -9/28      AC:  2    Str:  4    XL:     6   Next: 28%
Magic:  4/11       EV: 18    Int: 20    God:
Gold:   46         SH:  0    Dex: 17    Spells: 2/11 levels left

rFire    . . .     SeeInvis +   a - +1 dagger
rCold    . . .     Gourm    .   (shield restricted)
rNeg     . . .     Faith    .   b - +0 robe
rPois    .         Spirit   .   (helmet restricted)
rElec    .         Reflect  .   (no cloak)
rCorr    .         Harm     .   (gloves unavailable)
MR       +....                  (boots unavailable)
Stlth    +++.......             (no amulet)
HPRegen  0.09/turn              h - ring of flight
MPRegen  0.12/turn              l - +2 ring of intelligence

@: very quick
A: very small, unfitting armour, see invisible, herbivore, speed 3, slow
metabolism 2
a: Evoke Flight


You were on level 4 of the Dungeon.
You were not hungry.

You visited 1 branch of the dungeon, and saw 5 of its levels.

You collected 46 gold pieces.

Inventory:

Hand Weapons
 a - a +1 dagger (weapon)
Armour
 b - a +0 robe (worn)
Jewellery
 h - a ring of flight (left hand)
 l - a +2 ring of intelligence (right hand)
Scrolls
 e - a scroll of teleportation {!r}
Potions
 c - a potion of mutation {!q, unknown}
 f - a potion of lignification {!q, unknown}
 g - a potion of berserk rage {!q, unknown}
 i - a potion of curing {!q, unknown}
 j - a potion of brilliance {!q, unknown}
Comestibles
 d - 2 rations


   Skills:
 * Level 5.9 Short Blades
 - Level 3.0 Dodging
 + Level 5.9 Stealth
 + Level 3.2 Spellcasting
 - Level 4.2 Hexes


You had 2 spell levels left.
You knew the following spells:

 Your Spells              Type           Power        Failure   Level  Hunger
d - Dazzling Spray        Conj/Hex       ##....       17%         3    ###....
e - Confuse               Hex            ###.....     7%          3    ###....
w - Tukima's Dance        Hex            ###.....     7%          3    ###....

Your spell library contained the following spells:

 Spells                   Type           Power        Failure   Level  Hunger
 Corona                   Hex            ###....      2%          1    None
 Ensorcelled Hibernation  Hex/Ice        ##....       9%          2    ##.....


Dungeon Overview and Level Annotations

Branches:
Dungeon (5/15)
 Temple: D:4-7

Altars:
Nemelex Xobeh
Okawaru
Vehumet


Innate Abilities, Weirdness & Mutations

You are very small and have problems with some larger weapons.
You are too small for most types of armour.
You have supernaturally acute eyesight. (SInv)
You are a herbivore.
You cover ground extremely quickly.
You need to consume almost no food.


Message History

The orc stops glowing.
The orc completely misses you.
Casting: Corona (safe; 2% risk of failure)
Confirm with . or Enter, or press ? or * to list all spells.
Aiming: Confuse (safe; 8% risk of failure)
Press: ? - help, Shift-Dir - straight line, f/p - orc
Aim: an orc, wearing a chain mail (moderately wounded, chance to defeat MR: The orc struggles to resist.
Unknown command.
Found a scroll labeled JOKUQE ITETZYZ.
A worker ant comes into view.
Found a stone staircase leading up.
You see here a scroll labeled JOKUQE ITETZYZ {!r}.
k - a scroll labeled JOKUQE ITETZYZ {!r} The helpless worker ant fails to defend itself.
You stick the worker ant like a pincushion!!!
You kill the worker ant!
A phantom comes into view.
You see here a worker ant corpse.
You completely miss the centaur.
The centaur shouts!
The centaur hits you but does no damage.
Casting: Confuse (safe; 7% risk of failure)
Confirm with . or Enter, or press ? or * to list all spells.
Aiming: Corona (safe; 2% risk of failure)
Press: ? - help, Shift-Dir - straight line, f/p - orc
Aim: an orc, wearing a chain mail (moderately wounded, chance to defeat MR:
Okay, then.
Okay, then.
The centaur barely misses you. The centaur hits you.
* * * LOW HITPOINT WARNING * * *
There is a stone staircase leading up, spattered with blood here.
The centaur misses you. The centaur closely misses you.
You climb upwards.
Found a stone staircase leading down.
There is a stone staircase leading down here.
Really read
k - a scroll labeled JOKUQE ITETZYZ {!r}?
As you read the scroll labeled JOKUQE ITETZYZ {!r}, it crumbles to dust.
It is a scroll of amnesia.
Forget Corona, freeing 1 spell level for a total of 2? [Y]es or [N]o only, please.
Forget Corona, freeing 1 spell level for a total of 2?
Your memory of Corona unravels.
The centaur closely misses you.
Really read
e - 2 scrolls of teleportation {!r}?
As you read the scroll of teleportation {!r}, it crumbles to dust.
You feel strangely unstable. The centaur barely misses you.
The centaur misses you.
You hit the centaur but do no damage. The centaur hits you!
* * * LOW HITPOINT WARNING * * *
You hit the centaur but do no damage. The centaur hits you.
* * * LOW HITPOINT WARNING * * *
You hit the centaur.
The centaur is lightly wounded.
Your surroundings suddenly seem different.
A dart slug comes into view.
You start resting.
The centaur is too close now for your liking.
A centaur is nearby!
Okay, then.
The centaur wields a shortbow.
The centaur shoots an arrow.
The arrow misses you.
You see here an arrow.
The centaur shoots an arrow.
The arrow hits you!
You die...

*##........## *,,,,,,,,*
##..#.$.## *,,,,,,,,** #...####
*,,,,,,,*** *****#...#*
*,,,,,,***, *,,,,.....###*
*,,,,,**,,* **,,.........###
*,,,,**,,** *,,.>.........####
*****,,,,*
###*,,..............#*****,,**,**
...,,,..........@#*,,,,,,,,***,,,
,...*,..........(#***,,,*,,**,,,,
**#.#*...........# *,,,,,,****++
##..#..........## *,,,,,,**,,≈,
*#...>#,........# **,,,,,,*,,⌠,*
....c.#,w......## *,,,,,,,*,*≈,,
...#...*.......* **,,,,,,,**≈,,,
..,##...#c...##* *,,,,,,,,****≈*
.,,,##...####* **,,,,,,,,******


You could see a centaur.

Vanquished Creatures
  An ogre (D:3)
  A howler monkey (D:5)
  3 orc priests
  Jessica (D:3)
  Terence (D:3)
  A worker ant (D:5)
  An adder (D:2)
  2 worms (D:2)
  2 dart slugs
  8 orcs (D:3)
  A giant cockroach (D:2)
  3 goblins
  A hobgoblin (D:2)
  A quokka (D:4)
  A ball python (D:3)
  4 bats
  2 rats
34 creatures vanquished.

Vanquished Creatures (others)
  2 dancing weapons
2 creatures vanquished.

Grand Total: 36 creatures vanquished

Notes
Turn   | Place    | Note
-------+----------+-------------------------------------------
     0 | D:1      | Amnesiac the Spriggan Enchanter began the quest for the
                  | Orb.
     0 | D:1      | Reached XP level 1. HP: 9/9 MP: 5/5
   128 | D:3      | Noticed Terence
   128 | D:3      | Noticed an orc priest
   129 | D:3      | Killed an orc priest
   129 | D:3      | Reached XP level 2. HP: 12/13 MP: 6/6
   129 | D:3      | Reached XP level 3. HP: 15/16 MP: 8/8
   140 | D:3      | Learned a level 3 spell: Confuse
   160 | D:3      | Killed Terence
   171 | D:3      | Learned a level 3 spell: Tukima's Dance
   456 | D:2      | Reached XP level 4. HP: 21/21 MP: 5/9
   507 | D:3      | Noticed Jessica
   594 | D:3      | Killed Jessica
   604 | D:3      | Found a radiant altar of Vehumet.
   664 | D:4      | Found an iron altar of Okawaru.
   664 | D:4      | Noticed an ogre
   810 | D:3      | Killed an ogre
   810 | D:3      | Reached skill level 5 in Short Blades
   810 | D:3      | Reached skill level 5 in Stealth
   810 | D:3      | Reached XP level 5. HP: 22/24 MP: 1/10
  1042 | D:4      | Noticed an ogre
  1473 | D:4      | Reached XP level 6. HP: 28/28 MP: 7/11
  1478 | D:4      | Learned a level 3 spell: Dazzling Spray
  1531 | D:4      | Found a sparkling altar of Nemelex Xobeh.
  1563 | D:5      | Entered Level 5 of the Dungeon
  1712 | D:4      | HP: 1/28 [centaur (2)]
  1723 | D:4      | Shot with an arrow by a centaur

Vault maps used:
D:1:      tarquinn_simple_flora_water_b
D:2:      cheibriados_altar_1, first_ration, minmay_splitting_lines,
          grunt_ministairs_7, kennysheep_generic_room_13,
          uniq_crazy_yiuf_cottage
D:3:      old_standard_altar, uniq_terence, uniq_jessica
D:4:      nemelex_xobeh_ov_fountains_minmay, old_standard_altar,
          ebering_ghost_disaster_area, minmay_misc_feat_plants,
          uniq_blork_the_orc
D:5:      serial_shops, shop

Skill      XL: |  1  2  3  4  5 |
---------------+----------------+-----
Short Blades   | 3 4 5 |  5.9
Stealth        | 5 |  5.9
Hexes          | 4 |  4.2
Spellcasting   | 3 |  3.2
Dodging        | |  3.0

Action                   |  1- 3 |  4- 6 || total
-------------------------+-------+-------++-------
Melee: Dagger            |    46 |   117 ||   163
 Cast: Corona            |     4 |     7 ||    11
       Confuse           |     7 |    18 ||    25
       Tukima's Dance    |       |     4 ||     4
  Use: Scroll            |       |     5 ||     5
 Stab: Sleeping          |     6 |     3 ||     9
       Confused          |     2 |    10 ||    12
       Distracted        |       |     1 ||     1
  Eat: Ration            |       |     3 ||     3
Armor: Robe              |     1 |     6 ||     7
Dodge: Dodged            |    23 |    69 ||    92

Table legend:
 A = Non-vault XP
 B = Vault XP
 C = Vault XP percentage of total XP
 D = Non-vault monster count
 E = Vault monster count
 F = Vault count percentage of total count
                 A         B        C        D         E       F
            +---------+---------+-------+---------+---------+-------
      Total |     407 |      74 |  15.4 |      31 |       3 |   8.8
            +---------+---------+-------+---------+---------+-------
        D:2 |      36 |       1 |   2.7 |      10 |       1 |   9.1
        D:3 |     197 |      73 |  27.0 |      16 |       2 |  11.1
        D:4 |      86 |       0 |   0.0 |       3 |       0 |   0.0
        D:5 |      88 |       0 |   0.0 |       2 |       0 |   0.0
            +---------+---------+-------+---------+---------+-------
